 Dungeon Crawl Stone Soup version 0.17-a0-1805-g6093636 (webtiles) character file.

482 Neuromancien059 the Slasher (level 7, -7/54 (58) HPs)
             Began as a Ghoul Gladiator on Sept 12, 2015.
             Was an Initiate of Trog.
             Mangled by an ogre
             ... wielding a +0 giant club
              (14 damage)
             ... on level 4 of the Dungeon.
             The game lasted 00:37:01 (2952 turns).

Neuromancien059 the Slasher (Ghoul Gladiator)       Turns: 2952, Time: 00:37:01

HP:   -7/54 (58)    AC:  7    Str: 21    XL:     7   Next: 12%
MP:   6/6           EV: 12    Int:  3    God:    Trog [......]
Gold: 190           SH:  0    Dex: 15    Spells: 0 memorised, 6 levels left

rFire  . . .     SeeInvis .     a - +1 long sword
rCold  + . .     Clarity  .     m - +0 scale mail
rNeg   + + +     SustAt   .     (no shield)
rPois  ∞         Gourm    .     s - +0 helmet
rElec  .         Spirit   .     (no cloak)
rCorr  .         Warding  .     (no gloves)
rMut   .         Rnd*Tele +     (no boots)
MR     .....                    (no amulet)
Stlth  ..........               r - ring of teleportation (curse)
                                g - +6 ring of dexterity

@: rotting, not resistant to hostile enchantments, extremely unstealthy
A: rotting body, claws 1, carnivore 3, cold resistance 1, negative energy
resistance 3, slow healing 1, torment resistance, unbreathing
a: Burn Spellbooks, Renounce Religion, Evoke Teleportation


You were on level 4 of the Dungeon.
You worshipped Trog.
Trog was noncommittal.
You were not hungry.

You visited 1 branch of the dungeon, and saw 4 of its levels.

You collected 190 gold pieces.

Inventory:

Hand weapons
 a - a +1 long sword (weapon)
Missiles
 d - 3 throwing nets (quivered)
Armour
 b - a +0 leather armour
 c - a +0 helmet
 h - a +0 chain mail
 m - a +0 scale mail (worn)
 n - a +0 leather armour
 o - a +0 ring mail
 s - a +0 helmet (worn)
Jewellery
 g - a +6 ring of dexterity (left claw)
 k - an uncursed ring of protection from cold
 r - a cursed ring of teleportation (right claw)
Scrolls
 j - a scroll of remove curse {unknown}
 p - 2 scrolls of identify {unknown}
 t - 4 scrolls of enchant weapon
 u - a scroll of random uselessness {unknown}
 v - a scroll of blinking {unknown}
 w - a scroll of enchant armour {unknown}
 y - a scroll of teleportation {unknown}
Potions
 f - a potion of brilliance
 l - a potion of degeneration
 q - a potion of poison {unknown}
 x - a potion of curing {unknown}
 A - a potion of magic {unknown}
Comestibles
 e - 3 meat rations
 i - 4 beef jerkies


   Skills:
 + Level 3.9 Fighting
 + Level 4.7 Long Blades
 + Level 1.9 Throwing
 + Level 2.7 Armour
 + Level 4.0 Dodging
 + Level 0.8 Stealth


You had 6 spell levels left.
You didn't know any spells.

Dungeon Overview and Level Annotations

Branches:
Dungeon (4/15)             Temple (0/1) D:4

Altars:
Ashenzari
Cheibriados
Gozag
Trog


Innate Abilities, Weirdness & Mutations

Your body is rotting away.
You thrive on raw meat.
You are immune to poison.
You have sharp fingernails.
You are carnivorous and can eat meat at any time.
Your flesh is cold resistant.
You are immune to negative energy.
You heal slowly when monsters are visible.
You are immune to unholy pain and torment.
You can survive without breathing.


Message History

You barely miss the ogre.
The ogre is lightly wounded.
The ogre hits you with a giant club!
You slash the ogre!
The ogre is heavily wounded.
The ogre hits you with a giant club!
Eat one of 2 chunks of flesh? (ye/n/q/i?)
You feel more resilient.
This raw flesh tastes great!
The ogre hits you with a giant club!
* * * LOW HITPOINT WARNING * * *
You continue eating.
The ogre hits you with a giant club!
* * * LOW HITPOINT WARNING * * *
You continue eating.
Use which ability?
You fail to use your ability.
The ogre closely misses you.
Eat a chunk of flesh? (ye/n/q/i?)
You feel more resilient.
This raw flesh tastes great!
The ogre hits you with a giant club!
You die...

#################
#.......##......#
#..#.%%##...###.#
#..##.##...## #.#
#...###...## #.#
##.......## #.#
##.h...## #.#
##O#### #.# #@#
#.# #.# #.#####
#.# #...... #.#
###.... #.# #....
#.# ##### #.# ##
#.# #. #.# #.


You could see a black bear and an ogre.

Vanquished Creatures
  The ghost of Pikaro the Conjurer, an average DrVM of Fedhas (D:4)
  A water moccasin skeleton (D:4)
  A giant frog skeleton (D:4)
  An orc wizard (D:4)
  Jessica (D:2)
  An iguana (D:4)
  A worker ant (D:4)
  Robin (D:2)
  3 gnolls (D:2)
  9 adders
  3 orcs (D:4)
  A ball python (D:3)
  4 giant cockroaches
  14 goblins
  7 hobgoblins
  3 jackals (D:3)
  6 kobolds
  6 bats
  A giant gecko (D:2)
  3 giant newts
  2 rats
70 creatures vanquished.

Vanquished Creatures (others)
  2 goblins (D:2)
2 creatures vanquished.

Grand Total: 72 creatures vanquished

Notes
Turn   | Place    | Note
--------------------------------------------------------------
     0 | D:1      | Neuromancien059 the Ghoul Gladiator began the quest for the Orb.
     0 | D:1      | Reached XP level 1. HP: 17/17 MP: 0/0
   157 | D:1      | Found a shattered altar of Ashenzari.
   400 | D:1      | Reached XP level 2. HP: 18/23 MP: 1/1
   401 | D:1      | Reached skill level 3 in Long Blades
   939 | D:2      | Found an opulent altar of Gozag.
   978 | D:2      | Reached XP level 3. HP: 18/28 MP: 2/2
  1058 | D:2      | Noticed Robin
  1066 | D:2      | Reached XP level 4. HP: 26/35 MP: 3/3
  1090 | D:2      | Lost intelligence.
  1114 | D:2      | Killed Robin
  1147 | D:2      | Lost intelligence.
  1319 | D:2      | Found a snail-covered altar of Cheibriados.
  1325 | D:2      | Noticed Jessica
  1344 | D:2      | Killed Jessica
  1344 | D:2      | Reached skill level 1 in Armour
  1344 | D:2      | Reached XP level 5. HP: 33/44 MP: 4/4
  1455 | D:2      | Reached skill level 4 in Long Blades
  1989 | D:3      | Found a bloodstained altar of Trog.
  1997 | D:3      | Became a worshipper of Trog the Wrathful
  2406 | D:4      | Noticed Pikaro's ghost (average DrVM)
  2413 | D:4      | Found a staircase to the Ecumenical Temple.
  2441 | D:4      | Killed Pikaro's ghost
  2441 | D:4      | Reached XP level 6. HP: 33/47 MP: 5/5
  2747 | D:4      | Reached XP level 7. HP: 39/53 MP: 6/6
  2934 | D:4      | Noticed a black bear
  2934 | D:4      | Noticed an ogre
  2952 | D:4      | Mangled by an ogre

Vault maps used:
D:1:      tarquinn_simple_flora_water_b, ashenzari_altar_1
D:2:      nicolae_gozag_seed_capital, hangedman_feature_mirror,
          serial_park_tiny_pond, cheibriados_altar_1, uniq_robin, uniq_jessica
D:3:      portal_sewer_entry_d, trog_book
D:4:      black_bear_nest_2, minmay_temple_entry_hall, serial_co_window_serial,
          co_window_paths_a, co_window_corner_a, co_window_paths_a,
          co_window_of_opportunity_a, co_window_paths_a, co_window_corner_ca,
          co_window_corner_b, co_window_of_opportunity_b, co_window_corner_b,
          co_window_paths_c, co_window_of_opportunity_b,
          co_window_of_opportunity_c, co_window_4corner_b

Action                   |  1- 3 |  4- 6 |  7- 9 || total
-------------------------+-------+-------+-------++-------
Melee: Long sword        |    71 |   163 |    15 ||   249
  Use: Potion            |       |     2 |       ||     2
       Scroll            |       |     1 |       ||     1
  Eat: Chunk             |     1 |     3 |     2 ||     6
       Meat ration       |       |     1 |       ||     1
